 Dungeon Crawl Stone Soup version 0.14-a0-2810-g474977d (webtiles) character file.

3939 Neoxx the Slicer (level 10, -6/61 HPs)
             Began as a Halfling Chaos Knight on Feb 26, 2014.
             Was a Plaything of Xom.
             Shot with an arrow by a big kobold (12 damage)
             ... on Level 9 of the Dungeon.
             The game lasted 00:40:57 (8445 turns).

Neoxx the Slicer (Halfling Chaos Knight)            Turns: 8445, Time: 00:40:58

HP  -6/61        AC  8     Str  9      XL: 10   Next: 26%
MP  16/17        EV 20     Int 10      God: Xom
Gold 502         SH 12     Dex 20      Spells:  0 memorised,  9 levels left

rFire  . . .     SeeInvis .     e - lantern of shadows
rCold  . . .     Clarity  .     q - +1 robe {MR+}
rNeg   . . .     Conserve .     k - +0 buckler
rPois  +         rCorr    .     t - +0 helmet (curse)
rElec  .         rRot     .     m - +1 dwarf cloak
SustAb . .       Spirit   .     (no gloves)
rMut   .         Warding  .     s - +1 pair of elf boots
Saprov . . .     Stasis   .     (no amulet)
MR     ++...                    D - ring of teleport control
                                n - ring of protection from magic

@: overloaded, very slow, very resistant to hostile enchantments, extremely
unstealthy
A: carnivore 1, dopey 1, mutation resistance 1, poison resistance, slow
metabolism 2
a: Renounce Religion, Evoke Teleport Control


You were on level 9 of the Dungeon.
You worshipped Xom.
You were a toy of Xom.
You were overloaded with stuff.
You were not hungry.

You visited 1 branch of the dungeon, and saw 9 of its levels.

You collected 502 gold pieces.

Inventory:

Hand weapons
 a - a +3,+3 short sword of freezing
 b - a +1,+2 dagger of venom
 c - a +1,+1 sling of flame
 d - a +0,+1 short sword of chaos
Missiles
 j - 44 stones (quivered)
 y - 31 poisoned needles
 A - 18 sling bullets
 H - 20 darts of frost
Armour
 k - a +0 buckler (worn)
 m - a +1 dwarven cloak (worn)
 q - a +1 robe of magic resistance (worn)
 s - a +1 pair of elven boots (worn)
 t - a cursed +0 helmet (worn)
Magical devices
 g - a wand of random effects (16)
 v - a wand of confusion (7)
 M - a wand of lightning (4)
Comestibles
 h - 12 bananas
 r - 5 meat rations
 w - 3 oranges
 F - 7 chokos
 K - 9 bread rations
 L - 2 apricots
 N - an apple
Scrolls
 i - a scroll of noise
 l - a scroll of magic mapping {unknown}
 o - 2 scrolls of enchant weapon I {unknown}
 p - 2 scrolls of enchant weapon II
 u - a scroll of remove curse
 x - 2 scrolls of teleportation {unknown}
 B - 2 scrolls of identify
 G - a scroll of recharging {unknown}
 J - a scroll of amnesia {unknown}
 O - 2 scrolls of immolation {unknown}
 P - a scroll of curse weapon {unknown}
 R - a scroll of brand weapon {unknown}
 S - a scroll of enchant weapon III {unknown}
Jewellery
 f - an uncursed ring of fire
 n - a ring of protection from magic (left hand)
 D - a ring of teleport control (right hand)
Potions
 z - a potion of heal wounds
 C - 5 potions of curing
 E - a potion of might
Miscellaneous
 e - a lantern of shadows (in hand)
Rods
 I - a -2 rod of demonology (8/10)
   (You took it off a deep dwarf on level 8 of the Dungeon)


   Skills:
 - Level 2.6 Fighting
 - Level 12.0 Short Blades
 - Level 5.0 Slings
 - Level 0.7 Armour
 + Level 6.6 Dodging
 + Level 10.4 Stealth
 - Level 2.2 Shields
 + Level 4.2 Evocations


You had 9 spell levels left.
You didn't know any spells.

Dungeon Overview and Level Annotations

Branches:
Dungeon (9/16)             Temple (0/1) D:4
    Orc: D:9-12        Lair: D:8-11

Altars:
Cheibriados
Makhleb
Vehumet
Xom

Annotations:
D:3 exclusion: 3 orc wizards
D:8 exclusion: oklob plant


Innate Abilities, Weirdness & Mutations

You are small and have problems with some larger weapons.
You are somewhat resistant to further mutation.
You need consume almost no food.
Your digestive system is specialised to digest meat.
You are dopey. (Int -2)
Your system is resistant to poisons.


Message History

Orders for allies: a - Attack new target. p - Attack previous target. r - Retreat! s - Stop attacking. w - Wait here. f - Follow me.
Anything else - Stay silent.
Gang up on whom?
Press: ? - help, Dir - move target cursor, f/p - big kobold
Aim: a big kobold, wielding a short sword Attack!
The big kobold unwields an uncursed short sword.
The big kobold wields an uncursed bow.
The big kobold shoots an arrow.
The arrow hits your shadow.
Your iron imp barely misses the big kobold.
The big kobold shoots an arrow.
The arrow hits your shadow.
Your shadow is destroyed!
Your iron imp barely misses the big kobold.
The big kobold shoots an arrow.
The arrow hits you!
* * * LOW HITPOINT WARNING * * *
Your iron imp barely misses the big kobold.
The big kobold shoots an arrow.
The arrow hits you!
You die...

####..# #§##.##.##..#
#§..≈c(c)'..# . .###[##.##%##..#
..########.###### ####.##
...........##### ####.#
............##########..#
..........#..########5..#
................@(((K.#.# #.#
..........#.....##..###(# #.#
................##..# #5# #.#
................##..# #(# #.#
.....(....>.........###p# #.#
.#########'#.....).[...p# #.#
.#..........#######[##### #.#
.#................#.# #.#
.#...........####.#.###########.#


You could see a big kobold and a friendly iron imp.

Vanquished Creatures
  A slime creature (D:9)
  A troll (D:9)
  A wolf (D:8)
  2 hippogriffs
  An ice beast (D:9)
  A dwarf (D:5)
  A deep dwarf (D:8)
  3 ogres
  3 orc warriors
  2 phantoms
  A centaur (D:9)
  2 giant frogs (D:8)
  A hippogriff skeleton (D:9)
  2 killer bees (D:9)
  8 wights
  3 crimson imps
  A water moccasin zombie (D:6)
  2 goliath beetles
  2 orc priests
  A gnoll shaman (D:5)
  4 hounds
  A two-headed ogre zombie (D:8)
  2 jellies (D:5)
  7 orc wizards
  Natasha (D:4)
  A quasit (D:7)
  2 scorpions
  A worker ant (D:8)
  Jessica (D:2)
  A boggart (D:1)
  Terence (D:3)
  12 adders
  2 orc zombies
  10 gnolls
  An inept feature mimic (D:3)
  7 worms
  2 orc skeletons
  A giant eyeball (D:8)
  A giant gecko (D:3)
  4 oozes
  17 orcs
  12 bats
  A bat skeleton (D:5)
  7 giant cockroaches
  11 goblins
  15 hobgoblins
  3 quokkas
  A giant newt (D:3)
  A giant spore (D:3)
  4 jackals
  12 kobolds
  2 kobold skeletons (D:5)
  A kobold zombie (D:7)
  11 rats
  A ballistomycete (D:3)
200 creatures vanquished.

Vanquished Creatures (collateral kills)
  An ice beast (D:6)
  A wight (D:6)
  2 gnolls (D:6)
  A worm (D:6)
  A rat (D:6)
6 creatures vanquished.

Vanquished Creatures (others)
  A shadow (D:9)
  A hound (D:9)
  3 iron imps
  2 scorpions (D:9)
  A giant centipede (D:9)
  3 shadow imps
  2 ufetubi (D:9)
  A jackal (D:9)
  A kobold (D:9)
15 creatures vanquished.

Grand Total: 221 creatures vanquished

Notes
Turn   | Place    | Note
--------------------------------------------------------------
     0 | D:1      | Neoxx, the Halfling Chaos Knight, began the quest for the Orb.
     0 | D:1      | Reached XP level 1. HP: 15/15 MP: 1/1
     0 | D:1      | XOM: harmless Pois miscast
    22 | D:1      | Reached skill level 1 in Stealth
   136 | D:1      | Reached XP level 2. HP: 18/20 MP: 2/2
   275 | D:1      | XOM: harmless Tloc miscast
   325 | D:1      | XOM: potion effect (curing)
   365 | D:1      | Reached XP level 3. HP: 22/25 MP: 3/3
   746 | D:2      | Reached XP level 4. HP: 26/30 MP: 4/4
   857 | D:2      | Noticed Jessica
   880 | D:2      | Killed Jessica
   880 | D:2      | Reached skill level 5 in Stealth
  1357 | D:3      | You fall through a shaft!
  1393 | D:4      | Reached skill level 6 in Stealth
  1393 | D:4      | Reached XP level 5. HP: 21/35 MP: 5/5
  1536 | D:4      | XOM: harmless Conj miscast
  1567 | D:4      | Found a staircase to the Ecumenical Temple.
  1572 | D:4      | Noticed an ogre
  1731 | D:3      | Found a snail-covered altar of Cheibriados.
  1753 | D:3      | Reached skill level 5 in Short Blades
  1988 | D:3      | Noticed Terence
  1995 | D:3      | Killed Terence
  1995 | D:3      | Reached XP level 6. HP: 41/41 MP: 6/6
  2196 | D:3      | Found a burning altar of Makhleb.
  2209 | D:3      | XOM: noise
  2215 | D:3      | XOM: harmless Hex miscast
  2326 | D:4      | Found a radiant altar of Vehumet.
  2418 | D:4      | XOM: colour smoke trail
  2504 | D:4      | Reached skill level 1 in Shields
  2666 | D:3      | XOM: god gift: scroll labeled CLULEPROMA
  2844 | D:4      | XOM: noise
  3148 | D:4      | XOM: noise
  3154 | D:4      | XOM: potion effect (might)
  3162 | D:4      | XOM: summons friendly iron imp
  3189 | D:4      | XOM: summons friendly shadow imp
  3257 | D:4      | Killed an ogre
  3264 | D:4      | Noticed Natasha
  3283 | D:4      | Killed Natasha
  3324 | D:4      | XOM: give mutations
  3324 | D:4      | Gained mutation: Your system is resistant to poisons. [Xom's grace]
  3324 | D:4      | Gained mutation: You need consume almost no food. [Xom's grace]
  3325 | D:4      | XOM: silly message
  3446 | D:4      | XOM: cast spell 'Spider Form'
  3479 | D:4      | XOM: enchant monster (bad)
  3480 | D:4      | XOM: medium Pois miscast
  3498 | D:4      | Reached skill level 7 in Short Blades
  3498 | D:4      | Reached XP level 7. HP: 23/45 MP: 7/7
  3659 | D:5      | Entered Level 5 of the Dungeon
  3956 | D:5      | XOM: blink monster(s)
  3960 | D:5      | Reached skill level 8 in Short Blades
  3973 | D:5      | XOM: god gift: bread ration
  4079 | D:5      | XOM: mild Summ miscast
  4137 | D:5      | XOM: give mutations
  4137 | D:5      | Gained mutation: You are dopey. (Int -2) [Xom's mischief]
  4267 | D:5      | XOM: scenery: create altars
  4291 | D:5      | XOM: polymorph ogre -> dwarf
  4292 | D:5      | XOM: confuse monster(s)
  4296 | D:5      | Reached skill level 9 in Short Blades
  4296 | D:5      | Reached XP level 8. HP: 43/51 MP: 8/8
  4348 | D:5      | XOM: vitrification
  4607 | D:5      | Reached skill level 10 in Short Blades
  4660 | D:6      | XOM: enchant monster (good)
  4799 | D:6      | XOM: enchant monster (good)
  4874 | D:6      | Reached skill level 11 in Short Blades
  4898 | D:6      | XOM: give mutation
  4898 | D:6      | Gained mutation: Your digestive system is specialised to digest meat. [Xom's grace]
  5006 | D:6      | XOM: scenery: 2 doors open, 1 doors close
  5045 | D:6      | XOM: vitrification
  5469 | D:7      | Reached skill level 1 in Slings
  5514 | D:7      | XOM: enchant monster (good)
  5654 | D:7      | Reached XP level 9. HP: 55/55 MP: 9/9
  5774 | D:7      | XOM: potion effect (speed)
  5812 | D:7      | XOM: potion effect (agility)
  5825 | D:7      | Reached skill level 12 in Short Blades
  6309 | D:8      | Reached skill level 5 in Slings
  6327 | D:8      | XOM: harmless Conj miscast
  6527 | D:8      | Noticed an oklob plant
  6538 | D:8      | XOM: cast spell 'Blink'
  6538 | D:8      | Found a snail-covered altar of Cheibriados.
  6539 | D:8      | HP: 1/55 [orc priest/divine providence (13)]
  6545 | D:8      | XOM: potion effect (berserk)
  6546 | D:8      | XOM: mild Divn miscast
  6547 | D:8      | HP: 4/82 [orc warrior/trident (2)]
  6558 | D:8      | XOM: potion effect (brilliance)
  6624 | D:8      | XOM: noise
  6813 | D:8      | XOM: divination: magic mapping
  6814 | D:8      | XOM: polymorph steam dragon -> wolf
  6819 | D:8      | XOM: enchant monster (good)
  7073 | D:8      | Noticed a smoke demon
  7120 | D:8      | XOM: divination: magic mapping
  7136 | D:8      | Noticed an orange demon
  7176 | D:8      | XOM: cast spell 'Discord'
  7197 | D:8      | Reached skill level 5 in Dodging
  7605 | D:8      | Reached skill level 1 in Evocations
  7631 | D:8      | XOM: god gift: 5 tomahawks of returning
  7653 | D:8      | XOM: god gift: lantern of shadows
  7724 | D:8      | XOM: vitrification
  7847 | D:9      | XOM: vitrification
  7880 | D:9      | XOM: swap weapons
  8021 | D:9      | XOM: medium Chrm miscast
  8050 | D:9      | Found a shimmering altar of Xom.
  8132 | D:9      | Reached XP level 10. HP: 44/61 MP: 12/14
  8141 | D:9      | XOM: enchant monster (good)
  8253 | D:9      | XOM: god gift: ivory wand {god gift}
  8308 | D:9      | Reached skill level 10 in Stealth
  8317 | D:9      | Noticed a troll
  8317 | D:9      | Identified a -2 rod of demonology (10/10) (You took it off a deep dwarf on level 8 of the Dungeon)
  8340 | D:9      | Killed a troll
  8363 | D:9      | Noticed a smoke demon
  8363 | D:9      | a neqoxec changed into a smoke demon
  8363 | D:9      | XOM: polymorph neqoxec -> smoke demon
  8406 | D:9      | XOM: confuse monster(s)
  8424 | D:9      | XOM: summons 4 friendly demons
  8445 | D:9      | Shot with an arrow by a big kobold

Action                   |  1- 3 |  4- 6 |  7- 9 | 10-12 || total
-------------------------+-------+-------+-------+-------++-------
Melee: Short sword       |    87 |   194 |   376 |     9 ||   666
       Dagger            |     4 |    23 |   151 |    23 ||   201
       Unarmed           |       |     4 |       |       ||     4
 Fire: Sling             |       |       |    23 |     5 ||    28
Throw: Dart              |       |    25 |     6 |       ||    31
Evoke: Wand              |       |       |     3 |     8 ||    11
       Rod               |       |       |       |     1 ||     1
  Use: Scroll            |       |     1 |    13 |       ||    14
       Potion            |       |       |     4 |       ||     4
 Stab: Sleeping          |     5 |     6 |    24 |       ||    35
       Paralysed         |       |     3 |     2 |       ||     5
       Confused          |       |     1 |     4 |     1 ||     6
       Petrifying        |       |       |     4 |       ||     4
       Distracted        |       |       |     1 |       ||     1
